 Dungeon Crawl Stone Soup version 0.32-a0-630-g46d191b0ed (webtiles) character file.

Game seed: 17402081330596255907

4389 Dittersdorf the Fighter (level 10, -11/65 HPs)
             Began as a Gargoyle Fighter on Mar 6, 2024.
             Was an Initiate of Gozag.
             Killed from afar by a deep elf pyromancer (19 damage)
             ... with a bolt of fire
             ... on level 7 of the Dungeon.
             The game lasted 00:11:20 (7159 turns).

Dittersdorf the Fighter (Gargoyle Fighter)          Turns: 7159, Time: 00:11:21

Health: -11/65     AC: 25    Str: 24    XL:     10   Next: 35%
Magic:  19/19      EV:  8    Int:  9    God:    Gozag
Gold:   1073       SH:  5    Dex:  9    Spells: 9/9 levels left

rFire   . . .        g - +2 morningstar
rCold   + . .        c - +0 buckler
rNeg    + . .        h - +3 chain mail {Will+}
rPois   ∞            (no helmet)
rElec   +            k - +0 cloak
rCorr   +            o - +0 pair of gloves
SInv    +            C - +0 pair of boots
Will    +....        (no amulet) Stlth
                     d - ring of Life {rCorr MP+9 SInv}
HPRegen 0.30/turn    x - ring of protection from cold
MPRegen 0.16/turn

%: no passive effects
@: no status effects
A: sickness immunity, AC +7, negative energy resistance 1, electricity
resistance, torment resistance 1, petrification resistance
a: Renounce Religion, Potion Petition, Call Merchant, Bribe Branch


You were on level 7 of the Dungeon.
You worshipped Gozag.
Gozag was most pleased with you.
You visited 1 branch of the dungeon, and saw 7 of its levels.
You also visited: Ossuary.

You collected 1241 gold pieces.
You paid 168 gold pieces to Gozag.

Inventory:

Hand Weapons
 g - a +2 morningstar (weapon)
Missiles
 i - 3 curare-tipped darts
Armour
 c - a +0 buckler (worn)
 h - a +3 chain mail of willpower (worn)
 k - a +0 cloak (worn)
 o - a +0 pair of gloves (worn)
 C - a +0 pair of boots (worn)
Jewellery
 d - the ring of Life (left hand) {rCorr MP+9 SInv}
   (You acquired it on level 7 of the Dungeon)

   [ring of magical power]

   MP+9:      It affects your magic capacity (+9).
   SInv:      It lets you see invisible.
   rCorr:     It protects you from acid and corrosion.
 l - a ring of fire
 x - a ring of protection from cold (right hand)
Wands
 u - a wand of light (22) (quivered)
 v - a wand of digging (5)
 y - a wand of paralysis (8)
 A - a wand of iceblast (6)
Scrolls
 e - 3 scrolls of revelation
 j - a scroll of fog
 p - a scroll of fear
 r - 2 scrolls of brand weapon
 s - 2 scrolls of blinking
 w - 2 scrolls of teleportation
 E - 2 scrolls of poison
Potions
 b - a potion of enlightenment
 f - 7 potions of curing
 m - 3 potions of haste
 n - 3 potions of mutation {unknown}
 q - 3 potions of heal wounds {unknown}
 t - 2 potions of cancellation {unknown}
 z - 3 potions of lignification {unknown}
 B - a potion of berserk rage


   Skills:
 + Level 8.8 Fighting
 + Level 7.6 Maces & Flails
 + Level 8.8 Armour
 + Level 8.8 Shields


You had 9 spell levels left.
You didn't know any spells.
Your spell library contained the following spells:

 Spells                   Type           Power      Damage    Failure   Level
 Mercury Vapours          Alch/Air       0%         N/A       97%         2
 Mephitic Cloud           Conj/Alch/Air  0%         N/A       99%         3
 Freezing Cloud           Conj/Ice/Air   0%         6-21      100%        5


Dungeon Overview and Level Annotations

Branches:
Dungeon (7/15)            Ossuary (visited)
 Temple: D:4-7

Altars:
Cheibriados
Elyvilon
Fedhas
Gozag
Kikubaaqudgha
Vehumet


Innate Abilities, Weirdness & Mutations

You are immune to sickness and miasma.
Your stone body is resilient. (AC +7)
You are immune to poison.
You resist negative energy. (rN+)
You are resistant to electric shocks. (rElec)
You are resistant to unholy torment.
You are immune to petrification.


Message History

You are too injured to fight recklessly!
You are too injured to fight recklessly!
You are too injured to fight recklessly!
You are too injured to fight recklessly!
You are too injured to fight recklessly!
You are too injured to fight recklessly!
You are too injured to fight recklessly!
You are too injured to fight recklessly!
You are too injured to fight recklessly!
You are too injured to fight recklessly!
You are too injured to fight recklessly!
You are too injured to fight recklessly!
You are too injured to fight recklessly!
You are too injured to fight recklessly!
You are too injured to fight recklessly!
You are too injured to fight recklessly!
You are too injured to fight recklessly!
You are too injured to fight recklessly!
You are too injured to fight recklessly!
You are too injured to fight recklessly!
You are too injured to fight recklessly!
Aiming: Bolt of Light
Press: ? - help, Q - select action, (/) - cycle Shift-Dir - straight line, f - deep elf pyromancer
Aim: a deep elf pyromancer, wielding a +0 long sword (moderately wounded, 60% to hit)
The bolt of light misses the deep elf pyromancer.
The liquid fire burns you!
* * * LOW HITPOINT WARNING * * *
The wyvern bites you but does no damage.
The wyvern barely misses you.
The deep elf pyromancer hits you but does no damage.
You shake off some of the fire as you move.
The liquid fire burns you!
* * * LOW HITPOINT WARNING * * *
The wyvern bites you but does no damage.
You shake off the liquid fire.
The wyvern completely misses you.
The deep elf pyromancer gestures at you while chanting.
The bolt of fire hits you!!
You die...
Your body crumbles into a pile of gold.

##.##.####......
#............##.
###............##.
#............#....
###.#.........##.#..
#...#......#####.#..
#.#.#......#####.#..
#...#...............
#.#@#............(..
#.k.#...............
#.#.#...............
#...#...............
###e#######.........
#...### #.....)...
#[#.#.## #.........
#...#..# #.########
#.#.'..# #.#


You could see a deep elf pyromancer and a wyvern.

Vanquished Creatures
  A two-headed ogre (D:7)
  The ghost of RoseCult the Covered, a novice MiFi of Okawaru (D:5)
  A troll (D:7)
  Prince Ribbit (D:4)
  Sigmund (D:4)
  Eustachio (D:4)
  Duvessa (D:5)
  3 water moccasins
  A sky beast (D:6)
  5 ice beasts
  2 ogres (D:4)
  A black bear (D:3)
  A phantom (D:5)
  A centaur (D:7)
  A kobold brigand (D:7)
  A bullfrog (D:7)
  A gnoll sergeant (D:5)
  A scorpion (D:5)
  3 wights (D:7)
  Dowan (D:5)
  A bombardier beetle (D:6)
  4 hounds
  3 jellies
  3 orc priests
  Crazy Yiuf (D:4)
  A sleepcap (D:5)
  Ijyb (D:5)
  An iguana (D:5)
  4 orc wizards
  8 mummies (Ossuary)
  6 adders
  7 gnolls
  A shadow imp (D:5)
  4 white imps
  2 ufetubi (D:6)
  3 dart slugs
  24 orcs
  8 endoplasms
  2 giant cockroaches
  4 hobgoblins (D:3)
  9 jackals
  4 quokkas
  8 ball pythons
  5 bats
  3 frilled lizards
  2 gnoll zombies (Ossuary)
  9 goblins
  2 hobgoblin zombies (Ossuary)
  7 kobolds
  3 kobold zombies (Ossuary)
  An orc zombie (Ossuary)
  A quokka zombie (D:4)
  7 rats
  A rat zombie (D:4)
179 creatures vanquished.

Vanquished Creatures (others)
  An orc wizard (D:4)
1 creature vanquished.

Grand Total: 180 creatures vanquished

Notes
Turn   | Place    | Note
-------+----------+-------------------------------------------
     0 | D:1      | Dittersdorf the Gargoyle Fighter began the quest for the
                  | Orb.
     0 | D:1      | Reached XP level 1. HP: 14/14 MP: 1/1
   379 | D:1      | Reached XP level 2. HP: 16/19 MP: 2/2
   921 | D:2      | Reached XP level 3. HP: 19/24 MP: 3/3
  1670 | D:2      | Reached XP level 4. HP: 29/29 MP: 4/4
  2026 | D:3      | Reached XP level 5. HP: 33/33 MP: 5/5
  2480 | D:4      | Noticed a black bear
  2494 | D:3      | Killed a black bear
  2499 | D:3      | Reached XP level 6. HP: 27/39 MP: 6/6
  2577 | D:4      | Found a runed translucent door.
  2711 | D:4      | Found a sand-covered staircase.
  2727 | Ossuary  | Entered an ossuary
  2989 | Ossuary  | Reached skill level 5 in Fighting
  3253 | D:3      | Reached skill level 5 in Armour
  3253 | D:3      | Reached skill level 5 in Shields
  3253 | D:3      | Reached XP level 7. HP: 17/44 MP: 7/7
  3549 | D:4      | Found a snail-covered altar of Cheibriados.
  3549 | D:4      | Found a blossoming altar of Fedhas.
  3549 | D:4      | Noticed Eustachio
  3559 | D:4      | Killed Eustachio
  3566 | D:4      | Found a radiant altar of Vehumet.
  3568 | D:4      | Found a white marble altar of Elyvilon.
  3569 | D:4      | Found an opulent altar of Gozag.
  3574 | D:4      | Became a worshipper of Gozag Ym Sagoz the Greedy
  3898 | D:4      | Noticed Sigmund
  3907 | D:4      | Killed Sigmund
  4122 | D:4      | Noticed Crazy Yiuf
  4128 | D:4      | Killed Crazy Yiuf
  4129 | D:4      | Reached XP level 8. HP: 46/51 MP: 8/8
  4174 | D:5      | Entered Level 5 of the Dungeon
  4277 | D:5      | Noticed Prince Ribbit
  4293 | D:4      | Reached skill level 5 in Maces & Flails
  4442 | D:4      | Killed Prince Ribbit
  4748 | D:5      | Noticed Duvessa
  4750 | D:5      | Noticed Dowan
  4802 | D:5      | Killed Duvessa
  4803 | D:5      | Reached XP level 9. HP: 39/56 MP: 9/9
  4805 | D:5      | Killed Dowan
  4889 | D:5      | Found an ancient bone altar of Kikubaaqudgha.
  4916 | D:5      | Noticed Ijyb
  5184 | D:5      | Killed Ijyb
  5247 | D:5      | Found a runed translucent door.
  5248 | D:5      | Noticed RoseCult's ghost (novice MiFi)
  5445 | D:5      | Killed RoseCult's ghost
  6625 | D:7      | Identified a scroll of acquirement
  6625 | D:7      | Acquired the ring of Life {rCorr MP+9 SInv}
  6826 | D:7      | Reached XP level 10. HP: 64/64 MP: 10/10
  6882 | D:7      | Noticed a two-headed ogre
  6893 | D:7      | Killed a two-headed ogre
  7152 | D:7      | Noticed a deep elf pyromancer
  7159 | D:7      | Killed from afar by a deep elf pyromancer

Illustrated notes

Levels and vault maps discovered:
D:1:      dpeg_arrival_water_temple_mockup, layout_loops_corners,
          minmay_misc_feat_tiny, amethyst_killhole
D:2:      layout_basic
D:3:      layout_rooms, minmay_goblin_outpost
D:4:      layout_loops_ring, chequers_temple_overflow_minitemple,
          enter_ossuary_4, grunt_ministairs_14, due_unseen_surprise,
          uniq_sigmund, uniq_crazy_yiuf_cottage, uniq_eustachio
D:5:      layout_cave_pools, lemuel_round_altar, ebering_ghost_inner_flame,
          nicolae_the_louvre, uniq_duvessa, uniq_prince_ribbit1, uniq_ijyb
D:6:      layout_loops_cross
D:7:      layout_rooms, minmay_temple_entry_poolview, nicolae_benzene_ring,
          hangedman_minor_gate_pass

Skill      XL: |  1  2  3  4  5  6  7  8  9 |
---------------+----------------------------+-----
Fighting       | 4 5 6 8 |  8.8
Armour         | 4 5 6 8 |  8.8
Shields        | 4 5 6 8 |  8.8
Maces & Flails | 3 4 5 7 |  7.6

Action                     |  1- 3 |  4- 6 |  7- 9 | 10-12 || total
---------------------------+-------+-------+-------+-------++-------
  Melee: Flail             |    98 |   208 |   352 |       ||   658
         Morningstar       |       |       |     3 |    35 ||    38
  Throw: Dart              |       |     1 |    15 |       ||    16
  Evoke: Wand              |       |       |     4 |     1 ||     5
    Use: Scroll            |       |     9 |     7 |     1 ||    17
         Potion            |       |     1 |       |       ||     1
 Armour: Scale mail        |    43 |       |       |       ||    43
         Chain mail        |    36 |   197 |   300 |    42 ||   575
         Plate armour      |       |       |    39 |       ||    39
  Dodge: Dodged            |    41 |   101 |   108 |    17 ||   267
  Block: Buckler           |    14 |    44 |    90 |    10 ||   158

Table legend: (Time is in decaauts)
 A = Elapsed time spent in this place.
 B = Non-inter-level travel time spent in this place.
 C = Inter-level travel time spent in this place.
 D = Time resting spent in this place.
 E = Time spent auto-exploring this place.
 F = Levels seen in this place.
 G = Mean time per level.
                   A        B        C        D        E       F      G
               +--------+--------+--------+--------+--------+-----+--------+
         Total |   7304 |   7065 |    239 |   1359 |   3615 |   8 |  913.0 |
       Dungeon |   6931 |   6692 |    239 |   1204 |   3615 |   7 |  990.1 |
       Ossuary |    372 |    372 |      0 |    155 |      0 |   1 |  372.0 |
               +--------+--------+--------+--------+--------+-----+--------+

Top non-repeatable levels by time:
     D:4: 1507 daAuts
     D:5: 1139 daAuts
     D:6: 983 daAuts
     D:1: 958 daAuts
     D:3: 882 daAuts
     D:2: 829 daAuts
     D:7: 630 daAuts
 Ossuary: 372 daAuts
